 Dungeon Sprint DCSS version 0.27-a0-109-g416527ed24 (webtiles) character file.

Game seed: 12530631877318004964

54 mhtbhm the Insei (level 3, -1/23 HPs)
             Began as an Octopode Transmuter on Jan 24, 2021.
             Slain by Crazy Yiuf
             ... wielding a +3 quarterstaff of chaos
              (11 damage)
             ... in the Dungeon (Sprint III: "The Ten Rune Challenge").
             The game lasted 00:00:54 (619 turns).

mhtbhm the Insei (Octopode Transmuter)               Turns: 619, Time: 00:00:54

Health: -1/23      AC:  2    Str:  9    XL:     3   Next: 91%
Magic:  3/7        EV: 21    Int: 16    God:
Gold:   9          SH:  0    Dex: 17    Spells: 2/8 levels left

rFire    . . .     SeeInvis .     - Unarmed
rCold    . . .     Faith    .   (shield currently unavailable)
rNeg     . . .     Spirit   .   (helmet currently unavailable)
rPois    x         Reflect  .   (no amulet)
rElec    .         Harm     .   (no ring)
rCorr    .         Rampage  .   (no ring)
Will     .....     NoTele   +   (no ring)
Stlth    ++........             (no ring)
HPRegen  0.07/turn              (no ring)
MPRegen  0.10/turn              (no ring)
                                (no ring)
                                (no ring)

@: spider-form (expiring), wereblooded, hasted, very quick
A: tiny, almost no armour, stealthy swim, (amphibious), 8 rings, (constrict 8)
a: End Transformation


You were in the Dungeon.
You were a venomous arachnid creature.
You visited 1 branch You collected 9 gold pieces.

Inventory:

Scrolls
 g - a scroll of blinking
Potions
 a - a potion of lignification {unknown}
 b - a potion of curing
 c - a potion of heal wounds
 e - 2 potions of magic
 f - a potion of berserk rage


   Skills:
 + Level 1.1 Fighting
 + Level 3.1 Dodging
 + Level 2.3 Stealth
 + Level 5.9 Unarmed Combat
 + Level 3.4 Spellcasting
 + Level 3.1 Transmutations


You had 2 spell levels left.
You knew the following spells:

 Your Spells              Type           Power        Failure   Level
a - Beastly Appendage     Tmut           24%          14%         1
b - Wereblood             Tmut           12%          21%         2
c - Spider Form           Tmut/Pois      3%           50%         3

Your spell library contained the following spells:

 Spells                   Type           Power        Failure   Level
 Ice Form                 Ice/Tmut       7%           85%         4
 Blade Hands              Tmut           6%           92%         5


Dungeon Overview and Level Annotations

Branches:
Dungeon (1/1)

Altars:

Annotations:
D Crazy Yiuf


Innate Abilities, Weirdness & Mutations

You cannot wear most types of armour.
You are very stealthy in the water. (Stealth+)
((You are amphibious.))
You can wear up to eight rings at the same time.
((You can use your tentacles to constrict eight enemies at once.))
((Your skin changes colour to match your surroundings (Stealth+).))
((Your rubbery body absorbs attacks. (AC +1, EV +1)))


Message History

You are too injured to fight recklessly!
You are too injured to fight recklessly!
You are too injured to fight recklessly!
You are too injured to fight recklessly!
You are too injured to fight recklessly!
You are too injured to fight recklessly!
You are too injured to fight recklessly!
You are too injured to fight recklessly!
You are too injured to fight recklessly!
You are too injured to fight recklessly!
Unknown command.
Crazy Yiuf misses you.
You hit Crazy Yiuf.
Crazy Yiuf looks as sick as possible!
Crazy Yiuf is lightly wounded.
Crazy Yiuf drinks a potion.
Crazy Yiuf goes berserk!
Unknown command.
Okay, then.
You feel yourself speed up.
Crazy Yiuf hits you with a +3 quarterstaff of chaos!
You die...

▓..##.......# ..#
▓##.##.##...# ..#
##.##.###..# #..#
▓#.####.##..# ...+
▓.###..##..####...#
▓#.....##[.###....#
###..##...##.....#
#..##....#......#
#..###..##÷#.sg..#
#). #.. ####....#
▓▓▓ ▓▓▓ ▓▓▓▓▓▓


You could see Crazy Yiuf (berserk, extremely poisoned).

Vanquished Creatures
  Jessica (D)
  A human (D)
  2 oozes (D)
  A rat (D)
5 creatures vanquished.

Notes
Turn   | Place    | Note
-------+----------+-------------------------------------------
     0 | D        | mhtbhm the Octopode Transmuter began the quest for the Orb.
     0 | D        | Reached XP level 1. HP: 13/13 MP: 3/3
    29 | D        | Reached skill level 4 in Unarmed Combat
    29 | D        | Reached XP level 2. HP: 16/18 MP: 3/5
    56 | D        | Learned a level 2 spell: Wereblood
    81 | D        | Noticed Jessica
    88 | D        | Killed Jessica
    89 | D        | Reached skill level 1 in Stealth
    89 | D        | Reached skill level 5 in Unarmed Combat
    89 | D        | Reached XP level 3. HP: 6/23 MP: 4/7
   207 | D        | Learned a level 3 spell: Spider Form
   327 | D        | Noticed Crazy Yiuf
   619 | D        | Slain by Crazy Yiuf

Illustrated notes

Levels and vault maps discovered:
D:        dungeon_sprint_mu [sprint_mu_entry_cave, sprint_mu_temple_rooms,
          sprint_mu_d1_horrors, sprint_mu_d2_genie, sprint_mu_d3_branching,
          sprint_mu_orc_legion, sprint_mu_elf_gauntlet, sprint_mu_hive_nellie,
          sprint_mu_lair_fedhas, sprint_mu_vaults_butterflies,
          sprint_mu_slime_circle, sprint_mu_shoals_archi,
          sprint_mu_snake_twists, sprint_mu_blade_basic,
          sprint_mu_crypt_fortress, sprint_mu_tomb_spiral,
          sprint_mu_vestibule_basic, sprint_mu_gehenna_hellfire,
          sprint_mu_dis_giant, sprint_mu_tartarus_statrot,
          sprint_mu_cocytus_islands, sprint_mu_zot1]

Skill      XL: |  1  2  3 |
---------------+----------+-----
Unarmed Combat | 4 5 |  5.9
Stealth        | 1 2 |  2.3
Spellcasting   | 3 |  3.4
Dodging        | 3 |  3.1
Transmutations | 3 |  3.1
Fighting       | |  1.1

Action                   || total
-------------------------++-------
Melee: Unarmed           ||    19
       Tentacles         ||     5
       Constrict         ||     2
 Cast: Beastly Appendage ||     2
       Spider Form       ||     2
       Wereblood         ||     1
  Use: Potion            ||     1
 Stab: Sleeping          ||     3
Dodge: Dodged            ||     7

Table legend: (Time is in decaauts)
 A = Elapsed time spent in this place.
 B = Non-inter-level travel time spent in this place.
 C = Inter-level travel time spent in this place.
 D = Time resting spent in this place.
 E = Time spent auto-exploring this place.
 F = Levels seen in this place.
 G = Mean time per level.
                   A        B        C        D        E       F      G
               +--------+--------+--------+--------+--------+-----+--------+
         Total |    617 |    617 |      0 |    509 |     19 |   1 |  617.0 |
       Dungeon |    617 |    617 |      0 |    509 |     19 |   1 |  617.0 |
               +--------+--------+--------+--------+--------+-----+--------+

Top non-repeatable levels by time:
       D: 617 daAuts
